 Dungeon Crawl Stone Soup version 0.24.1-11-gbbbb2193e6 (webtiles) character file.

Game seed: 1339903949167553283, levelgen mode: deterministic

28063 Hugehornet the Martial Artist (level 13, -14/72 HPs)
             Began as an Octopode Transmuter on May 13, 2020.
             Was the Champion of Cheibriados.
             Demolished by a death yak (26 damage)
             ... on level 6 of the Lair of Beasts.
             The game lasted 00:57:39 (22509 turns).

Hugehornet the Martial Artist (OpTm)               Turns: 22509, Time: 00:57:39

Health: -14/72     AC:  1    Str: 24    XL:     13   Next: 36%
Magic:  22/26      EV: 20    Int: 35    God:    Cheibriados [******]
Gold:   800        SH:  2    Dex: 28    Spells: 6/30 levels left

rFire    . . .     SeeInvis .     - Unarmed
rCold    . . .     Gourm    .   (shield currently unavailable)
rNeg     . . .     Faith    .   (helmet restricted)
rPois    .         Spirit   .   j - +2 amulet of reflection
rElec    .         Reflect  +   e - +5 ring of slaying
rCorr    .         Harm     .   N - +2 ring of slaying
MR       .....                  (no ring)
Stlth    +++++.....             (no ring)
HPRegen  0.22/turn              (no ring)
MPRegen  0.20/turn              (no ring)
                                (no ring)
                                (no ring)

@: blade tentacles, very slow
A: almost no armour, stealthy swim, amphibious, 8 rings, constrict 8, beak,
repulsion field 1, camouflage 1, frail 1, gelatinous body 1
a: End Transformation, Bend Time, Temporal Distortion, Slouch, Step From Time,
Renounce Religion


You were on level 6 of the Lair of Beasts.
You worshipped Cheibriados.
Cheibriados was exalted by your worship.
You were very hungry.
You had blades for tentacles.
You visited 3 branches of the dungeon, and saw 16 of its levels.
You also visited: Ossuary.

You collected 1088 gold pieces.
You spent 288 gold pieces at shops.

Inventory:

Missiles
 a - 245 arrows
Jewellery
 e - a +5 ring of slaying (left scythe-like blade)
 j - a +2 amulet of reflection (around mantle)
 x - an uncursed amulet of regeneration
 N - a +2 ring of slaying (right scythe-like blade)
Wands
 s - a wand of enslavement (14)
 A - a wand of scattershot (4)
 F - a wand of flame (22)
 H - a wand of iceblast (8)
 M - a wand of acid (9)
Scrolls
 b - 3 scrolls of teleportation
 g - a scroll of holy word {unknown}
 h - 7 scrolls of amnesia
 l - 4 scrolls of random uselessness
 n - 3 scrolls of immolation {unknown}
 o - 3 scrolls of fear
 p - 5 scrolls of remove curse
 q - 4 scrolls of noise {unknown}
 t - 3 scrolls of enchant armour
 v - 4 scrolls of fog {unknown}
 w - a scroll of magic mapping
 y - 2 scrolls of blinking
 E - 2 scrolls of enchant weapon {unknown}
 G - a scroll of brand weapon {unknown}
 J - a scroll of summoning {unknown}
 K - a scroll of silence {unknown}
 L - a scroll of vulnerability {unknown}
 P - a scroll of torment {unknown}
Potions
 d - 4 potions of agility
 f - a potion of ambrosia
 i - 2 potions of brilliance
 k - a potion of invisibility
 m - 2 potions of lignification
 r - 2 potions of heal wounds
 u - a potion of curing
 z - a potion of resistance
 B - a potion of flight
 C - 2 potions of cancellation
 D - 3 potions of might
Miscellaneous
 I - a phial of floods
Comestibles
 c - 19 rations


   Skills:
 - Level 5.0 Fighting
 - Level 5.0 Dodging
 - Level 5.0 Stealth
 + Level 11.0 Unarmed Combat
 + Level 9.4 Spellcasting
 - Level 3.0 Hexes
 * Level 10.5 Transmutations
 - Level 6.0 Ice Magic
 - Level 3.1 Poison Magic
 + Level 7.8 Invocations
 - Level 5.0 Evocations


You had 6 spell levels left.
You knew the following spells:

 Your Spells              Type           Power        Failure   Level  Hunger
a - Beastly Appendage     Tmut           ######       5%          1    None
b - Sticks to Snakes      Tmut           ######..     6%          2    None
c - Spider Form           Tmut/Pois      ######....   12%         3    None
d - Ice Form              Ice/Tmut       ######..     14%         4    None
e - Blade Hands           Tmut           ######....   16%         5    ###....
f - Confuse               Hex            #####...     22%         3    None
g - Hydra Form            Tmut           ######....   34%         6    #####..

Your spell library contained the following spells:

 Spells                   Type           Power        Failure   Level  Hunger
 Ensorcelled Hibernation  Hex/Ice        #####.       13%         2    None
 Corona                   Hex            #####..      14%         1    None
 Tukima's Dance           Hex            #####...     22%         3    None
 Magic Dart               Conj           ###.         24%         1    None
 Shock                    Conj/Air       ###.         24%         1    None
 Summon Small Mammal      Summ           ###.         24%         1    None
 Searing Ray              Conj           ###...       30%         2    None
 Swiftness                Chrm/Air       ###.....     30%         2    None
 Dazzling Spray           Conj/Hex       ####..       30%         3    None
 Static Discharge         Conj/Air       ###.....     41%         3    None
 Irradiate                Conj/Tmut      ######....   43%         5    ###....
 Fulminant Prism          Conj/Hex       ####......   54%         4    None
 Airstrike                Air            ###.......   69%         4    None
 Force Lance              Conj/Tloc      ###.....     69%         4    None
 Iskenderun's Mystic Bla  Conj           ###.....     69%         4    None
 Statue Form              Tmut/Erth      ######...    83%         6    #####..
 Lightning Bolt           Conj/Air       ###.......   91%         5    ###....
 Dragon Form              Tmut           ######....   73%         7    ######.


Dungeon Overview and Level Annotations

Branches:
Dungeon (9/15)             Temple (1/1) D:4            Lair (6/6) D:8
  Swamp (0/4) Lair:2        Snake (0/4) Lair:3        Slime (0/5) Lair:6
Ossuary (visited)
    Orc: D:9-12

Altars:
Ashenzari
Cheibriados
Dithmenos
Elyvilon
Fedhas
Gozag
Hepliaklqana
Kikubaaqudgha
Makhleb
Nemelex Xobeh
Okawaru
Qazlal
Ru
Sif Muna
Trog
Uskayaw
Vehumet
Wu Jian
Xom
Yredelemnul
Zin
The Shining One

Shops:
D:7 (   D:8 !

Annotations:
D:5 2 transporters, Cunning1Sparkmage's ghost, novice MfAE
D:9 exclusion: centaur warrior
Lair:1 Sonja
Lair:5 3 runed translucent doors, Gytoprich's ghost, journeyman BaTm


Innate Abilities, Weirdness & Mutations

You cannot wear most types of armour.
You are very stealthy in the water. (Stealth+)
You are amphibious.
You can wear up to eight rings at the same time.
You can use your tentacles to constrict eight enemies at once.
Your skin changes colour to match your surroundings (Stealth+).
Your rubbery body absorbs attacks. (AC +1, EV +1)
You have a beak for a mouth.
You are surrounded by a mild repulsion field. (EV +2)
You are frail. (-10% HP)


Message History

* * * LOW HITPOINT WARNING * * *
You feel much better. The death yak gores you!!
* * * LOW HITPOINT WARNING * * *
You feel much better.
You are feeling very hungry.
The death yak gores you!
You slice the death yak!!
You peck the death yak, but do no damage.
The death yak is moderately wounded.
You hit the death yak.
You squeeze the death yak, but do no damage.
The death yak is moderately wounded.
The death yak gores you!
* * * LOW HITPOINT WARNING * * *
You shred the death yak!!!
You peck the death yak, but do no damage.
You squeeze the death yak.
The death yak is almost dead.
The death yak gores you!!
You die...

.................................
.................................
.###.÷..............(......#.....
####............Y.......####.####
###......Y...............# ###.##
.........................###.#...
......Y.................†........
...............Y.................
####.P....##.#.#@##..#....P.#....
###.############.#######.###.#
### ### ### ###


You could see 3 death yaks.

Vanquished Creatures
  A two-headed ogre (D:8)
  2 death yaks (Lair:6)
  Pikel (D:3)
  10 elephants
  Joseph (Lair:1)
  7 black mambas
  10 spiny frogs
  A rime drake (Lair:5)
  3 komodo dragons
  8 blink frogs
  5 polar bears
  A hornet (Lair:6)
  7 hippogriffs
  4 wyverns
  13 yaks
  2 hungry ghosts
  3 vampire mosquitoes (Lair:4)
  4 nagas (Lair:3)
  2 insubstantial wisps (Lair:4)
  19 water moccasins
  5 porcupines
  An eye of draining (D:9)
  3 orc warriors
  3 ice beasts
  2 sky beasts
  3 swamp drakes (Lair:4)
  A black bear (D:8)
  A necrophage (D:8)
  3 wolves (Lair:5)
  A phantom (D:6)
  5 ogres
  4 crocodiles
  4 centaurs
  13 bullfrogs
  4 scorpions
  3 killer bees (D:9)
  4 wights (D:9)
  3 howler monkeys
  2 centaur zombies (D:7)
  A bullfrog zombie (D:6)
  6 crimson imps
  2 centaur skeletons
  5 hounds
  A human zombie (Ossuary)
  6 orc priests
  9 orc wizards
  3 bullfrog skeletons
  4 worker ants
  5 iguanas
  A big kobold zombie (Ossuary)
  A hound skeleton (D:4)
  A hound zombie (D:5)
  4 mummies (Ossuary)
  2 worker ant zombies (D:8)
  Robin (D:3)
  13 adders
  A shadow imp (D:9)
  3 oozes
  3 adder skeletons
  2 worms
  3 dart slugs
  7 leopard geckos
  28 orcs
  A ball python (D:6)
  4 giant cockroaches
  A gnoll zombie (Ossuary)
  10 goblins
  13 hobgoblins
  4 jackals
  5 kobolds
  5 quokkas
  3 bats
  8 frilled lizards
  A goblin zombie (Ossuary)
  A hobgoblin zombie (Ossuary)
  A kobold zombie (Ossuary)
  2 orc zombies (Ossuary)
  7 rats
  2 fungi (Lair:3)
  A plant (Lair:4)
350 creatures vanquished.

Vanquished Creatures (collateral kills)
  A troll (D:9)
  A steam dragon (D:9)
  A wyvern skeleton (D:9)
  A killer bee (D:9)
  A jelly (D:8)
5 creatures vanquished.

Vanquished Creatures (others)
  A quokka skeleton (D:4)
  2 bushes (Lair:5)
  23 fungi
  51 plants
77 creatures vanquished.

Grand Total: 432 creatures vanquished

Notes
Turn   | Place    | Note
-------+----------+-------------------------------------------
     0 | D:1      | Hugehornet the Octopode Transmuter began the quest for the
                  | Orb.
     0 | D:1      | Reached XP level 1. HP: 13/13 MP: 3/3
   147 | D:1      | Reached XP level 2. HP: 15/18 MP: 3/5
   349 | D:1      | Learned a level 2 spell: Sticks to Snakes
   479 | D:1      | Reached XP level 3. HP: 16/23 MP: 4/6
   486 | D:1      | Learned a level 3 spell: Spider Form
   951 | D:2      | Reached skill level 1 in Poison Magic
  1600 | D:2      | Reached XP level 4. HP: 28/28 MP: 8/8
  1603 | D:2      | Found a hazy altar of Hepliaklqana.
  2936 | D:3      | Reached XP level 5. HP: 12/33 MP: 4/9
  2940 | D:3      | Reached skill level 4 in Unarmed Combat
  3126 | D:3      | Learned a level 4 spell: Ice Form
  3289 | D:3      | Reached XP level 6. HP: 33/38 MP: 8/10
  3406 | D:3      | Noticed Robin
  3421 | D:3      | Killed Robin
  3836 | D:3      | Found a bloodstained altar of Trog.
  3947 | D:4      | Noticed Pikel
  3947 | D:4      | Noticed a slave
  3947 | D:4      | Noticed a slave
  3947 | D:4      | Noticed a slave
  3947 | D:4      | Noticed a slave
  4002 | D:3      | Killed Pikel
  4002 | D:3      | Reached skill level 5 in Unarmed Combat
  4002 | D:3      | Reached XP level 7. HP: 28/43 MP: 8/12
  4499 | D:4      | Found a staircase to the Ecumenical Temple.
  4507 | Temple   | Entered the Ecumenical Temple
  4547 | Temple   | Became a worshipper of Cheibriados the Contemplative
  5095 | D:4      | Reached XP level 8. HP: 40/48 MP: 13/13
  5347 | D:5      | Entered Level 5 of the Dungeon
  5347 | D:5      | Found a shadowy altar of Dithmenos.
  5404 | D:5      | Reached skill level 5 in Transmutations
  5424 | D:5      | Found a sand-covered staircase.
  5482 | Ossuary  | Entered an ossuary
  6096 | D:5      | Reached * piety under Cheibriados
  6538 | D:5      | Noticed Cunning1Sparkmage's ghost (novice MfAE)
  6554 | D:5      | Found a transporter.
  6558 | D:5      | Found a transporter.
  6805 | D:5      | Found a blossoming altar of Fedhas.
  6805 | D:5      | Found a burning altar of Makhleb.
  6805 | D:5      | Found a sparkling altar of Nemelex Xobeh.
  6805 | D:5      | Found a sacrificial altar of Ru.
  6806 | D:5      | Found a glowing golden altar of the Shining One.
  6806 | D:5      | Found an ornate altar of the Wu Jian Council.
  6824 | D:6      | Reached skill level 5 in Ice Magic
  7139 | D:4      | Learned a level 5 spell: Blade Hands
  7362 | D:5      | Reached skill level 1 in Invocations
  7362 | D:5      | Reached XP level 9. HP: 23/53 MP: 8/16
  7697 | D:5      | Found a shimmering blue altar of Sif Muna.
  7820 | D:5      | Identified Sif Muna's Handbook of Summoning
  8227 | D:6      | Reached skill level 5 in Spellcasting
  8613 | D:6      | Learned a level 3 spell: Confuse
  8666 | D:6      | Reached ** piety under Cheibriados
  8666 | D:6      | Reached skill level 6 in Unarmed Combat
  9080 | D:6      | Reached skill level 1 in Hexes
  9637 | D:7      | Found Zinnot's Antique Weapon Shoppe.
 10535 | D:7      | Reached XP level 10. HP: 56/58 MP: 8/18
 10704 | D:7      | Found a hide-covered altar of Uskayaw.
 10902 | D:7      | Reached *** piety under Cheibriados
 11667 | D:8      | Found a staircase to the Lair.
 11802 | D:8      | Found Torhole's Distillery.
 11813 | D:8      | Bought a potion of curing for 48 gold pieces
 11813 | D:8      | Bought a potion of flight for 48 gold pieces
 11813 | D:8      | Bought a potion of cancellation for 128 gold pieces
 11813 | D:8      | Bought a potion of might for 64 gold pieces
 12170 | D:8      | Gained mutation: Your magical capacity is low. (-10% MP)
                  | [potion of mutation]
 12170 | D:8      | Gained mutation: You are resistant to electric shocks.
                  | (rElec) [potion of mutation]
 12170 | D:8      | Gained mutation: You are resistant to hostile enchantments.
                  | (MR+) [potion of mutation]
 12304 | D:8      | Noticed a two-headed ogre
 12308 | D:8      | Killed a two-headed ogre
 12308 | D:8      | Reached skill level 7 in Unarmed Combat
 13077 | D:9      | Reached **** piety under Cheibriados
 13498 | D:9      | Reached skill level 8 in Unarmed Combat
 13597 | D:9      | Noticed a centaur warrior
 14116 | D:9      | Found a radiant altar of Vehumet.
 14390 | Lair:1   | Entered Level 1 of the Lair of Beasts
 14518 | Lair:1   | Noticed a spiny frog
 14520 | Lair:1   | Killed a spiny frog
 14520 | Lair:1   | Reached XP level 11. HP: 63/63 MP: 13/19
 14878 | Lair:1   | Reached skill level 1 in Stealth
 14921 | Lair:1   | Reached skill level 1 in Evocations
 15070 | Lair:1   | Noticed Joseph
 15079 | Lair:1   | Killed Joseph
 15079 | Lair:1   | Reached skill level 9 in Unarmed Combat
 15079 | Lair:1   | Reached skill level 5 in Invocations
 15327 | Lair:1   | Noticed Sonja
 15395 | Lair:1   | Reached ***** piety under Cheibriados
 15633 | Lair:1   | Found the +8 whip "Snakebite" {curare, rPois}
 16360 | Lair:2   | Found a staircase to the Swamp.
 17433 | Lair:3   | Learned a level 6 spell: Hydra Form
 17482 | Lair:3   | Found a staircase to the Snake Pit.
 17491 | Lair:3   | HP: 1/66 [naga/+0 mace (3)]
 18029 | Lair:3   | Reached XP level 12. HP: 72/72 MP: 15/21
 18926 | Lair:4   | Lost mutation: Your magical capacity is low. (-10% MP)
                  | [potion of mutation]
 18926 | Lair:4   | Lost mutation: You are resistant to electric shocks.
                  | (rElec) [potion of mutation]
 18926 | Lair:4   | Lost mutation: You are resistant to hostile enchantments.
                  | (MR+) [potion of mutation]
 18926 | Lair:4   | Gained mutation: You are frail. (-10% HP) [potion of
                  | mutation]
 18926 | Lair:4   | Gained mutation: You have a beak for a mouth. [potion of
                  | mutation]
 18926 | Lair:4   | Gained mutation: You are surrounded by a mild repulsion
                  | field. (EV +2) [potion of mutation]
 19058 | Lair:4   | Reached skill level 5 in Stealth
 19563 | Lair:4   | Reached skill level 10 in Unarmed Combat
 20270 | Lair:5   | Found a runed translucent gate.
 20270 | Lair:5   | Found a runed translucent gate.
 20270 | Lair:5   | Found a runed translucent gate.
 20270 | Lair:5   | Noticed Gytoprich's ghost (journeyman BaTm)
 21242 | Lair:6   | Entered Level 6 of the Lair of Beasts
 21242 | Lair:6   | Found a staircase to the Slime Pits.
 21625 | Lair:6   | Reached skill level 5 in Dodging
 21653 | Lair:6   | Reached skill level 5 in Evocations
 21657 | Lair:6   | Reached XP level 13. HP: 62/72 MP: 23/26
 21873 | Lair:6   | Reached ****** piety under Cheibriados
 21921 | Lair:6   | Reached skill level 5 in Fighting
 22030 | Lair:6   | Reached skill level 10 in Transmutations
 22378 | Lair:6   | Paralysed by a hornet for 2 turns
 22499 | Lair:6   | Reached skill level 11 in Unarmed Combat
 22509 | Lair:6   | Demolished by a death yak

Levels and vault maps discovered:
D:1:      ncdulo_halloftheorcs, layout_basic
D:2:      layout_basic, marbit_many_paths
D:3:      layout_basic, lemuel_coloured_pillars_altar, first_ration,
          minmay_box_of_dots, uniq_robin
D:4:      layout_gridville, minmay_temple_entry_ruins,
          chequers_serial_rivers_micro_d, minmay_vboxes, uniq_pikel
D:5:      layout_loops_ring, led_sif_book, grunt_temple_overflow_open,
          gammafunk_ghost_hive, enter_ossuary_1,
          minmay_a_box_with_orc_wizards_in_it
D:6:      layout_basic
D:7:      wander_river, layout_layer_cave, old_standard_altar, serial_shops,
          shop_statue
D:8:      layout_basic, lair_entry_dummy, serial_shops, nicolae_shop_trees
D:9:      minmay_clustersquares, layout_basic, kennysheep_little_box
Temple:   cyrus_temple_forest
Lair:1:   minmay_guarded_unrand_snakebite, layout_loops_ring,
          cheibrodos_lair_lostbears, uniq_sonja, uniq_joseph
Lair:2:   layout_roguey, swamp_mist, lemuel_fruit_fields
Lair:3:   layout_cave_pods, minmay_snake_entry_guardpost_small
Lair:4:   layout_cave_pods, pond, lemuel_fruit_fields
Lair:5:   layout_loops_ring, gammafunk_ghost_split, lemuel_fruit_fields,
          uniq_rupert
Lair:6:   wormcave, layout_long_grid, hangedman_lair_tendril_chambers,
          slime_dummy

Skill      XL: |  1  2  3  4  5  6  7  8  9 10 11 12 13 |
---------------+----------------------------------------+-----
Transmutations | 3 4 6 7 9 10 | 10.5
Poison Magic   | 1 3 |  3.1
Spellcasting   | 3 4 5 7 8 9 |  9.4
Unarmed Combat | 4 5 6 8 9 10 11 | 11.0
Ice Magic      | 3 5 6 |  6.0
Invocations    | 1 3 4 5 7 |  7.8
Hexes          | 3 |  3.0
Stealth        | 4 5 |  5.0
Evocations     | 3 5 |  5.0
Fighting       | 3 4 5 |  5.0
Dodging        | 3 5 |  5.0

Action                   |  1- 3 |  4- 6 |  7- 9 | 10-12 | 13-15 || total
-------------------------+-------+-------+-------+-------+-------++-------
Melee: Unarmed           |    63 |   118 |   302 |   310 |    49 ||   842
       Constrict         |    16 |    24 |    44 |    48 |     6 ||   138
       Kick              |    16 |    11 |    62 |    26 |       ||   115
       Tentacles         |    12 |    12 |    44 |    75 |    15 ||   158
       Punch             |     2 |     2 |    14 |    23 |     6 ||    47
       Peck              |       |       |       |    30 |    23 ||    53
 Cast: Beastly Appendage |    25 |    20 |    44 |    25 |       ||   114
       Spider Form       |       |     5 |    14 |     4 |       ||    23
       Sticks to Snakes  |       |       |     9 |    14 |       ||    23
       Ice Form          |       |       |     3 |     3 |       ||     6
       Confuse           |       |       |     2 |       |       ||     2
       Blade Hands       |       |       |       |    72 |    13 ||    85
 Abil: End Transformatio |       |     1 |     3 |    39 |     6 ||    49
  Use: Scroll            |       |     4 |     6 |    12 |     2 ||    24
       Potion            |       |       |     5 |     4 |     5 ||    14
 Stab: Sleeping          |     3 |     3 |     7 |     6 |       ||    19
       Confused          |       |       |     2 |       |       ||     2
       Distracted        |       |       |     1 |     1 |     1 ||     3
  Eat: Chunk             |     2 |     4 |    12 |    16 |     1 ||    35
       Ration            |       |     1 |     1 |     4 |       ||     6
Armor: Skin              |     4 |     5 |    15 |    11 |       ||    35
Dodge: Dodged            |    33 |    75 |   163 |   187 |    26 ||   484
Block: Other             |       |       |     9 |     9 |     1 ||    19
       Reflection        |       |       |       |     1 |       ||     1
